 Dungeon Sprint DCSS version 0.30-a0-52-g86a8295270 (webtiles) character file.

Game seed: 16532440248379881273

3042 rocky1 the Nimble (level 9, -1/83 HPs)
             Began as a Merfolk Gladiator on Sept 7, 2022.
             Was an Initiate of Gozag.
             Shot with a bolt by an orc warrior (2 damage)
             ... led by an orc knight
             ... in the Dungeon (Sprint VII: "The Pits").
             The game lasted 00:05:43 (1690 turns).

rocky1 the Nimble (Merfolk Gladiator)               Turns: 1690, Time: 00:05:44

Health: -1/83      AC: 19    Str: 17    XL:     9   Next: 86%
Magic:  9/9        EV: 14    Int: 14    God:    Gozag
Gold:   1234       SH:  0    Dex: 19    Spells: 8/8 levels left

rFire   . . .      SeeInvis .    x - +2 scimitar of Classification {speed, Int+3}
rCold   . . .      Faith    .    (no shield)
rNeg    . . .      Spirit   .    w - +4 chain mail
rPois   .          Reflect  .    c - +0 helmet
rElec   .          Harm     .    v - +0 cloak
rCorr   .          Rampage  .    u - +0 pair of gloves
Will    .....      NoTele   +    (no boots)
Stlth   ..........               (no amulet)
HPRegen 0.23/turn                j - +3 ring of strength
MPRegen 0.11/turn                l - +3 ring of intelligence

@: gold aura
A: (nimble swimmer 2), mertail
a: Renounce Religion, Potion Petition, Call Merchant, Bribe Branch


You were in the Dungeon.
You worshipped Gozag.
Gozag was most pleased with you.
You visited 1 branch You collected 2016 gold pieces.
You paid 782 gold pieces to Gozag.

Inventory:

Hand Weapons
 g - a +2 long sword of flaming
 x - the +2 scimitar of Classification (weapon) {speed, Int+3}
   (You found it in the Dungeon)

   Attacks with this weapon are significantly faster.
   Int:       It affects your intelligence (+3).
Missiles
 d - 3 throwing nets (quivered)
 e - a javelin
Armour
 c - a +0 helmet (worn)
 u - a +0 pair of gloves (worn)
 v - a +0 cloak (worn)
 w - a +4 chain mail (worn)
Jewellery
 j - a +3 ring of strength (left hand)
 l - a +3 ring of intelligence (right hand)
Scrolls
 k - a scroll of blinking
 m - 5 scrolls of amnesia
 n - a scroll of summoning
Potions
 h - a potion of haste
 i - 4 potions of magic
 o - 5 potions of curing
 p - 6 potions of heal wounds
 q - 2 potions of berserk rage
 r - 2 potions of might
 s - a potion of resistance
 t - a potion of mutation


   Skills:
 + Level 12.3 Fighting
 - Level 14.1 Long Blades
 - Level 2.0 Throwing
 + Level 8.5 Armour
 + Level 14.8 Dodging


You had 8 spell levels left.
You didn't know any spells.
Your spell library was empty.

Dungeon Overview and Level Annotations

Branches:
Dungeon (1/1)

Altars:
Ashenzari
Cheibriados
Dithmenos
Elyvilon
Fedhas
Gozag
Hepliaklqana
Kikubaaqudgha
Makhleb
Nemelex Xobeh
Okawaru
Qazlal
Ru
Sif Muna
Trog
Uskayaw
Vehumet
Wu Jian
Xom
Yredelemnul
Zin
The Shining One
Jiyva
Lugonu

Shops:
D !


Innate Abilities, Weirdness & Mutations

((You are very nimble when in or above water. (Stealth+, EV+, Speed+++)))
Your lower body shifts to a powerful aquatic tail in water.


Message History

The orc knight hits you with a +1 war axe!
You slash the orc knight!
You kill the orc knight!
Your Fighting skill increases to level 12!
The ogre hits you with a +0 giant spiked club!
* * * LOW HITPOINT WARNING * * *
The orc warrior shoots a bolt.
The bolt barely misses you.
There is an open door to the Storerooms (Easy), spattered with blood here.
Things that are here:
36 gold pieces; a +1 war axe; a +0 chain mail You barely miss the ogre.
The orc warrior shoots a bolt.
The bolt barely misses you.
You slice the ogre!!
The ogre is severely wounded.
The ogre misses you.
You slash the ogre!
You kill the ogre!
A centaur comes into view.
The centaur shouts!
The centaur wields a +0 shortbow.
The centaur shoots an arrow.
The arrow barely misses you.
The orc warrior unwields a +1 arbalest of flaming.
It stops flaming.
The orc warrior wields a +0 dire flail.
The orc warrior misses you.
There is an open door to the Storerooms (Easy), spattered with blood here.
Items here: $ )) [.
You slash the orc warrior!
The orc warrior is heavily wounded.
The centaur shoots an arrow.
The arrow closely misses you.
The orc warrior hits you with a +0 dire flail!
* * * LOW HITPOINT WARNING * * *
The orc warrior attacks as you move away!
The orc warrior hits you but does no damage.
The orc warrior unwields a +0 dire flail.
The orc warrior wields a +1 arbalest of flaming.
It bursts into flame!
The orc warrior shoots a bolt.
The bolt hits you!
* * * LOW HITPOINT WARNING * * *
The bolt burns you.
You die...
Your body crumbles into a pile of gold.

############ #_________.#
#_________.#
#_______...###########++####
##########'##...............
#.?(.')))'.##......#..#.....
##########.##...............
#..........@$...............
#'#####'#####o....c#).#.....
#.#.....#..##.........$.....
#.#.....#))#####'#####''####
#.###(###))##.......##''#
#.#.....#.)##.......##..##
#.#.....#.[##.......##...##
#.####'##'###...<...###...#
#.#........##.......# ##....


You could see an orc warrior (strong) and a centaur.

Vanquished Creatures
  An orc knight (D)
  An elephant (D)
  A red devil (D)
  A snapping turtle (D)
  4 vampire mosquitoes (D)
  A water moccasin (D)
  A floating eye (D)
  2 orc warriors (D)
  An ogre (D)
  6 wolves (D)
  A necrophage (D)
  4 wights (D)
  A crimson imp (D)
  A jelly (D)
  An orc priest (D)
  An orc wizard (D)
  A river rat (D)
  A white imp (D)
  An ufetubus (D)
  A worm (D)
  2 orcs (D)
  A bat skeleton (D)
  A goblin (D)
  A hobgoblin (D)
  A kobold (D)
  A bat (D)
  A frilled lizard (D)
  A quokka zombie (D)
41 creatures vanquished.

Notes
Turn   | Place    | Note
-------+----------+-------------------------------------------
     0 | D        | rocky1 the Merfolk Gladiator began the quest for the Orb.
     0 | D        | Reached XP level 1. HP: 16/16 MP: 1/1
    21 | D        | Found a bloodstained altar of Trog.
    21 | D        | Found a shimmering blue altar of Sif Muna.
    21 | D        | Found a viscous altar of Jiyva.
    21 | D        | Found a hazy altar of Hepliaklqana.
    21 | D        | Found an opulent altar of Gozag.
    22 | D        | Found a glowing golden altar of the Shining One.
    22 | D        | Found a glowing silver altar of Zin.
    22 | D        | Found a basalt altar of Yredelemnul.
    22 | D        | Found a shimmering altar of Xom.
    22 | D        | Found an ornate altar of the Wu Jian Council.
    22 | D        | Found a sacrificial altar of Ru.
    22 | D        | Found a stormy altar of Qazlal.
    22 | D        | Found an iron altar of Okawaru.
    22 | D        | Found a sparkling altar of Nemelex Xobeh.
    22 | D        | Found a burning altar of Makhleb.
    22 | D        | Found a blossoming altar of Fedhas.
    22 | D        | Found a white marble altar of Elyvilon.
    22 | D        | Found a shadowy altar of Dithmenos.
    22 | D        | Found a snail-covered altar of Cheibriados.
    24 | D        | Found a radiant altar of Vehumet.
    24 | D        | Found a corrupted altar of Lugonu.
    25 | D        | Found a hide-covered altar of Uskayaw.
    25 | D        | Found an ancient bone altar of Kikubaaqudgha.
    25 | D        | Found a broken altar of Ashenzari.
    29 | D        | Became a worshipper of Gozag Ym Sagoz the Greedy
    65 | D        | Noticed a floating eye
    71 | D        | Killed a floating eye
    72 | D        | Reached XP level 2. HP: 25/26 MP: 2/2
    72 | D        | Reached XP level 3. HP: 31/32 MP: 3/3
    72 | D        | Reached XP level 4. HP: 37/38 MP: 4/4
   101 | D        | Noticed a water moccasin
   123 | D        | Killed a water moccasin
   124 | D        | Reached XP level 5. HP: 10/46 MP: 5/5
   547 | D        | Noticed an orc warrior
   555 | D        | Reached skill level 10 in Long Blades
   555 | D        | Reached XP level 6. HP: 50/53 MP: 6/6
   567 | D        | Killed an orc warrior
   809 | D        | Reached XP level 7. HP: 60/60 MP: 7/7
   812 | D        | Noticed a snapping turtle
   822 | D        | Killed a snapping turtle
   823 | D        | Reached skill level 5 in Armour
   823 | D        | Reached skill level 10 in Dodging
  1117 | D        | Noticed an elephant
  1131 | D        | Killed an elephant
  1132 | D        | Reached XP level 8. HP: 60/71 MP: 8/8
  1193 | D        | Got the +2 scimitar of Classification {speed, Int+3}
  1342 | D        | Reached skill level 10 in Fighting
  1347 | D        | Reached XP level 9. HP: 38/79 MP: 9/9
  1595 | D        | Noticed a red devil
  1603 | D        | Killed a red devil
  1665 | D        | Noticed an orc knight
  1682 | D        | Killed an orc knight
  1690 | D        | HP: 1/83 [orc warrior/bolt[an orc knight] (10)]
  1690 | D        | Shot with a bolt by an orc warrior

Illustrated notes

Levels and vault maps discovered:
D:        pitsprint [storerooms_1, entrance_room_1, metal_vault_5, armoury_2,
          mini_pit_1, grid_room_1, main_hall_1, silver_pit, the_coven_1,
          the_vestibule_1, steel_vault_4, golden_pit, hallway_of_sentries,
          crystal_vault_4, iron_vault_4, final_vault]

Skill      XL: |  1  2  3  4  5  6  7  8  9 |
---------------+----------------------------+-----
Fighting       | 4 6 7 9 10 12 | 12.3
Long Blades    | 7 9 10 11 14 | 14.1
Armour         | 2 3 4 6 7 8 |  8.5
Dodging        | 6 7 8 9 11 12 14 | 14.8
Throwing       | |  2.0

Action                   |  1- 3 |  4- 6 |  7- 9 || total
-------------------------+-------+-------+-------++-------
Melee: Long sword        |     7 |    66 |    41 ||   114
       Punch             |     1 |       |       ||     1
       Scimitar          |       |       |    86 ||    86
Invok: Call Merchant     |       |       |     1 ||     1
  Use: Potion            |       |     5 |     5 ||    10
 Stab: Invisible         |       |       |    14 ||    14
Armor: Leather armour    |     2 |     4 |       ||     6
       Chain mail        |       |    18 |    57 ||    75
Dodge: Dodged            |     9 |    44 |   103 ||   156

Table legend: (Time is in decaauts)
 A = Elapsed time spent in this place.
 B = Non-inter-level travel time spent in this place.
 C = Inter-level travel time spent in this place.
 D = Time resting spent in this place.
 E = Time spent auto-exploring this place.
 F = Levels seen in this place.
 G = Mean time per level.
                   A        B        C        D        E       F      G
               +--------+--------+--------+--------+--------+-----+--------+
         Total |   1654 |   1584 |     70 |   1004 |      0 |   1 | 1654.0 |
       Dungeon |   1654 |   1584 |     70 |   1004 |      0 |   1 | 1654.0 |
               +--------+--------+--------+--------+--------+-----+--------+

Top non-repeatable levels by time:
       D: 1654 daAuts
